 Dungeon Crawl Stone Soup version 0.20.1-1-g8b1a95d (webtiles) character file.

471 Irenicus the Grave Robber (level 6, -3/49 HPs)
             Began as a Deep Dwarf Necromancer on Nov 7, 2017.
             Shot with an arrow by a centaur (8 damage)
             ... on level 5 of the Dungeon.
             The game lasted 00:18:56 (2693 turns).

Irenicus the Grave Robber (Deep Dwarf Necromancer)  Turns: 2693, Time: 00:18:56

Health: -3/49      AC:  5    Str: 11    XL:     6   Next: 83%
Magic:  12/12      EV: 13    Int: 16    God:
Gold:   14         SH:  0    Dex: 15    Spells: 4/13 levels left

rFire    . . .     SeeInvis .   d - +0 dagger (flame)
rCold    + . .     Gourm    .   (no shield)
rNeg     + . .     Faith    .   t - +2 robe {rN+}
rPois    .         Spirit   .   (no helmet)
rElec    .         Reflect  .   (no cloak)
rCorr    .         Harm     .   l - +0 pair of gloves
MR       .....                  (no boots)
Stlth    ++........             A - amulet of rage
Regen    0.0/turn               s - ring of protection from cold
MPRegen  0.2/turn               (no ring)

@: non-regenerating
A: damage resistance, heal wounds, sense surroundings 1, no regeneration
a: Heal Wounds, Evoke Berserk Rage


You were on level 5 of the Dungeon.
You were not hungry.

You visited 1 branch of the dungeon, and saw 5 of its levels.

You collected 110 gold pieces.
You spent 96 gold pieces at shops.

Inventory:

Hand Weapons
 a - a +1 hand axe
 d - a +0 dagger of flaming (weapon)
Armour
 l - a +0 pair of gloves (worn)
 t - a +2 robe of positive energy (worn)
 x - a +0 buckler
 y - the +5 scale mail "Domu" {Stlth+}
   (You found it on level 4 of the Dungeon)

   It makes you more stealthy.
Jewellery
 s - a ring of protection from cold (left hand)
 A - an amulet of rage (around neck)
Scrolls
 e - 6 scrolls of teleportation
 f - 2 scrolls of remove curse {unknown}
 g - 2 scrolls of blinking {unknown}
 i - a scroll of random uselessness {unknown}
 j - a scroll of recharging {unknown}
 k - 3 scrolls of enchant weapon
 n - 3 scrolls of identify
 p - a scroll of enchant armour {unknown}
 r - 3 scrolls of magic mapping {unknown}
 u - a scroll of fear {unknown}
 w - a scroll of immolation {unknown}
Potions
 h - 2 potions of haste
 o - a potion of agility
 q - 2 potions of flight {unknown}
 v - 2 potions of curing {unknown}
 z - 2 potions of might
Books
 b - a book of Necromancy

   Spells                             Type                      Level
   a - Pain                           Necromancy                   1
   b - Animate Skeleton               Necromancy                   1
   c - Vampiric Draining              Necromancy                   3
   d - Regeneration                   Charms/Necromancy            3
   e - Animate Dead                   Necromancy                   4
   f - Control Undead                 Necromancy                   4
Comestibles
 c - 3 bread rations
 m - 4 meat rations


   Skills:
 + Level 1.5 Axes
 - Level 2.1 Dodging
 - Level 2.4 Stealth
 - Level 4.2 Spellcasting
 - Level 7.1 Necromancy


You had 4 spell levels left.
You knew the following spells:

 Your Spells              Type           Power        Failure   Level  Hunger
a - Pain                  Necr           ####         1%          1    None
b - Animate Skeleton      Necr           N/A          1%          1    None
c - Control Undead        Necr           ####......   9%          4    ####...
e - Vampiric Draining     Necr           ####......   2%          3    ###....


Dungeon Overview and Level Annotations

Branches:
Dungeon (5/15)
 Temple: D:4-7

Altars:
Ashenzari
Dithmenos
Nemelex Xobeh
Trog
The Shining One

Shops:
D:4 !

Annotations:
D:4 masayah's ghost, amateur HaHu


Innate Abilities, Weirdness & Mutations

You are resistant to damage.
You can heal yourself by infusing magical energy.
You passively map a small area around you.
You do not regenerate.


Message History

The scorpion writhes in agony!
You kill the scorpion!
Your Axes skill increases to level 1!
Casting: Pain
Confirm with . or Enter, or press ? or * to list all spells.
Okay, then.
Found a scroll labeled QYONLEU UPNAOST.
i - a scroll labeled QYONLEU UPNAOST
Found a stone staircase leading up.
Found a sparkling altar of Nemelex Xobeh.
A centaur comes into view.
The centaur wields a shortbow.
The centaur shoots an arrow.
The arrow hits you!
You see here an arrow.
The centaur shoots an arrow.
The arrow closely misses you.
The centaur shoots an arrow.
The arrow closely misses you.
The centaur shoots an arrow.
The arrow hits you!
* * * LOW HITPOINT WARNING * * *
You see here an arrow.
The centaur shoots an arrow.
The arrow hits you!
You die...

* * *#..... ,
......,,#.$.##..
#......,....####..
#.....###..# #...
#.c....##.. #...
#......... * #.##
......... * #.##
##......#*, ##.#.
### #@.....# *
..,..#. ## ####.#
#.(...## #.. ....
#.* #....###.....#
##...,##.. #.##
#......((....###....
#.. #.#
##..........##.....#
#.. #.##
##......####...#...#
#.. ##.###.....###
#..##<...###..
#.....##.##
#.........#... ##
##.######.##
##.##..........


You could see a centaur.

Vanquished Creatures
  A scorpion (D:5)
  2 orc priests (D:4)
  A jelly (D:5)
  5 orc wizards (D:4)
  A bullfrog skeleton (D:5)
  3 adders
  A shadow imp (D:3)
  A dart slug (D:3)
  A leopard gecko (D:1)
  13 orcs
  4 giant cockroaches
  7 goblins
  8 hobgoblins
  14 jackals
  A quokka (D:4)
  A ball python (D:3)
  5 bats
  A frilled lizard (D:1)
  A jackal skeleton (D:4)
  2 kobolds (D:1)
  6 rats
79 creatures vanquished.

Vanquished Creatures (collateral kills)
  A howler monkey (D:5)
  A crimson imp (D:5)
  An adder (D:4)
  An orc (D:4)
  A jackal (D:4)
  A bat (D:3)
  A jackal skeleton (D:4)
7 creatures vanquished.

Vanquished Creatures (others)
  A wizard (D:3)
1 creature vanquished.

Grand Total: 87 creatures vanquished

Notes
Turn   | Place    | Note
-------+----------+-------------------------------------------
     0 | D:1      | Irenicus the Deep Dwarf Necromancer began the quest for the Orb.
     0 | D:1      | Reached XP level 1. HP: 15/15 MP: 3/3
    31 | D:1      | Found a shattered altar of Ashenzari.
   214 | D:1      | Reached XP level 2. HP: 19/22 MP: 1/5
   370 | D:1      | Reached skill level 5 in Necromancy
   625 | D:2      | Reached XP level 3. HP: 20/28 MP: 4/6
   732 | D:2      | Learned a level 1 spell: Animate Skeleton
  1111 | D:3      | Found a bloodstained altar of Trog.
  1113 | D:3      | Noticed a wizard
  1118 | D:3      | Killed a wizard
  1219 | D:3      | Learned a level 3 spell: Vampiric Draining
  1306 | D:3      | Reached skill level 6 in Necromancy
  1314 | D:3      | Reached XP level 4. HP: 22/36 MP: 0/7
  1344 | D:3      | Found a glowing golden altar of the Shining One.
  1591 | D:4      | Noticed masayah's ghost (amateur HaHu)
  1592 | D:4      | Found a shadowy altar of Dithmenos.
  1594 | D:4      | Got a citrine-studded scale mail
  1702 | D:4      | Reached XP level 5. HP: 17/42 MP: 2/8
  1712 | D:4      | Reached skill level 7 in Necromancy
  1757 | D:4      | Identified the +5 scale mail "Domu" {Stlth+} (You found it on level 4 of the Dungeon)
  2025 | D:4      | Reached XP level 6. HP: 36/49 MP: 0/10
  2106 | D:4      | Found Ifol's Distillery.
  2115 | D:4      | Bought a potion of might for 48 gold pieces
  2115 | D:4      | Bought a potion of might for 48 gold pieces
  2300 | D:5      | Entered Level 5 of the Dungeon
  2356 | D:5      | Learned a level 4 spell: Control Undead
  2594 | D:5      | Reached skill level 1 in Axes
  2656 | D:5      | Found a sparkling altar of Nemelex Xobeh.
  2693 | D:5      | Shot with an arrow by a centaur

Skill      XL: |  1  2  3  4  5  6 |
---------------+-------------------+-----
Spellcasting   | 2 3 4 |  4.2
Necromancy     | 5 6 7 |  7.1
Axes           | 1 |  1.5
Dodging        | |  2.1
Stealth        | |  2.4

Action                   |  1- 3 |  4- 6 || total
-------------------------+-------+-------++-------
Melee: Dagger            |    57 |   126 ||   183
       Unarmed           |     2 |       ||     2
 Cast: Pain              |    63 |    27 ||    90
       Animate Skeleton  |     4 |     7 ||    11
       Vampiric Draining |     1 |    16 ||    17
       Control Undead    |       |     1 ||     1
  Use: Scroll            |     1 |     3 ||     4
       Potion            |       |     5 ||     5
 Stab: Sleeping          |     5 |     2 ||     7
       Distracted        |       |     1 ||     1
  Eat: Chunk             |     2 |     5 ||     7
       Royal jelly       |       |     1 ||     1
Armor: Robe              |    22 |    35 ||    57
       Skin              |       |     8 ||     8
Dodge: Dodged            |    69 |   146 ||   215
